Map: Defender's Landing LE

Players

Blodir - Winner!

  • Race: Zerg Zerg
  • League: Diamond
  • Spawn Location: 1:00

Galeforce

  • Race: Terran Terran
  • League: Diamond
  • Spawn Location: 7:00

VOD

Have the link to the VOD?

Description

Time

  • Played on: June 27, 2017, 1:10 a.m.
  • Length: 5:13
Show
View Real Time Build Order
Export as new Build Order

Blodir Zerg - Winner!

Build Orders: Hatch First 

Get SALT Encoding   

  12  0:01  Drone  
  13  0:13  Overlord  
  13  0:17  Drone  
  14  0:32  Drone x2  
  14  0:35  Drone  
  17  0:54  Hatchery  
  17  0:56  Extractor  
  15  0:58  Drone  
  15  1:02  Drone  
  17  1:17  Spawning Pool  
  16  1:21  Drone  
  16  1:24  Drone  
  18  1:30  Drone  
  19  1:41  Overlord  
  19  1:51  Drone  
  20  2:04  Queen  
  20  2:05  Queen  
  20  2:07  Zergling x2  
  25  2:09  Zergling x2  
  25  2:13  Drone  
  27  2:18  Metabolic Boost  
  27  2:22  Drone  
  28  2:28  Drone x2  
  30  2:39  Pneumatized Carapace  
  30  2:45  Evolution Chamber  
  30  2:46  Drone x2  
  30  2:48  Drone  
  32  2:53  Overlord  
  32  3:05  Queen  
  34  3:15  Zergling x8  
  34  3:17  Zergling x2  
  39  3:25  Zergling x2  
  39  3:26  Zergling x6  
  43  3:30  Zergling x2  
  43  3:33  Overlord  
  44  3:46  Overlord  
  44  3:47  Overlord  
  44  3:51  Zergling x8  
  44  3:52  Zergling x2  
  49  4:00  Zergling x2  
  49  4:01  Zergling x4  
  52  4:10  Zergling x6  
  52  4:12  Queen  
  57  4:30  Zergling x8  
  45  4:50  Zergling x6  
  50  5:12  Hatchery  
Show
View Real Time Build Order
Export as new Build Order

Galeforce Terran 

Build Orders: Reaper Expand 

Get SALT Encoding   

  12  0:01  SCV  
  13  0:13  Supply Depot  
  13  0:18  SCV  
  14  0:30  SCV  
  15  0:39  Barracks  
  15  0:42  Refinery  
  15  0:52  SCV  
  16  1:04  SCV  
  17  1:17  SCV  
  18  1:26  Reaper  
  18  1:29  Orbital Command  
  19  1:44  Command Center  
  19  1:57  Barracks  
  19  2:04  SCV, Barracks Reactor  
  20  2:13  Supply Depot  
  20  2:17  SCV  
  21  2:26  Factory  
  21  2:34  SCV  
  22  2:41  Marine x2  
  24  2:45  Refinery  
  24  2:50  Barracks Tech Lab  
  24  2:56  SCV  
  24  2:58  Orbital Command  
  25  2:59  Marine x2  
  27  3:16  Starport  
  27  3:17  Marine  
  27  3:18  Marine  
  27  3:19  Marine  
  30  3:20  Factory Reactor  
  30  3:37  Marine  
  30  3:38  Marine x2  
  33  3:42  SCV  
  33  3:44  SCV  
  31  4:09  Marine x3  
  34  4:12  Widow Mine x2  
  38  4:20  Viking  
  38  4:21  SCV  
  41  4:33  SCV  
  42  4:44  Orbital Command, Marine  
  38  4:46  Marine  
Tags
 
Add a new tag
Caveats
  • Supply blocks, unpowered buildings, or Contaminate may cause inaccurate times.
  • Supply counts are checked every 10 seconds.